 Dungeon Crawl Stone Soup version 0.18.1-8-gdd0e5ea (webtiles) character file.

18 deorigin the Changer (level 2, 0/23 HPs)
             Began as a Draconian Transmuter on June 5, 2016.
             Slain by a crimson imp (3 damage)
             ... summoned by Natasha
             ... on level 2 of the Dungeon.
             The game lasted 00:01:10 (737 turns).

deorigin the Changer (Draconian Transmuter)          Turns: 737, Time: 00:01:11

Health: 0/23       AC:  4    Str: 12    XL:     2   Next: 51%
Magic:  5/5        EV: 12    Int: 13    God:
Gold:   80         SH:  0    Dex: 11    Spells: 1 memorised, 4 levels left

rFire  . . .     SeeInvis .       - Unarmed
rCold  . . .     Gourm    .     (armour unavailable)
rNeg   . . .     Faith    .     (no shield)
rPois  .         Spirit   .     (helmet restricted)
rElec  .         Dismiss  .     (no cloak)
rCorr  .         Reflect  .     (no gloves)
SustAt .         Harm     .     (no boots)
MR     .....                    (no amulet)
Stlth  +.........               (no ring)
                                (no ring)

@: not resistant to hostile enchantments, very unstealthy
A: unfitting armour, cold-blooded, AC +4
a: no special abilities


You were on level 2 of the Dungeon.
You were not hungry.

You visited 1 branch of the dungeon, and saw 2 of its levels.

You collected 80 gold pieces.

Inventory:

Missiles
 a - 28 arrows
 d - 17 poisoned needles
Scrolls
 e - 2 scrolls of remove curse {unknown}
 f - a scroll of enchant weapon {unknown}
 g - a scroll of blinking {unknown}
Potions
 h - a potion of degeneration {unknown}
Books
 b - a book of Changes

   Spells                             Type                      Level
   a - Beastly Appendage              Transmutation                1
   b - Sticks to Snakes               Transmutation                2
   c - Spider Form                    Transmutation/Poison         3
   d - Ice Form                       Ice/Transmutation            4
   e - Blade Hands                    Transmutation                5
Comestibles
 c - a bread ration
 i - 2 chunks of flesh
 j - a royal jelly


   Skills:
 - Level 1.1 Fighting
 - Level 1.7 Dodging
 - Level 3.0 Unarmed Combat
 - Level 2.0 Spellcasting
 + Level 3.2 Transmutations


You had 4 spell levels left.
You knew the following spells:

 Your Spells              Type           Power        Failure   Level  Hunger
a - Beastly Appendage     Trmt           #.....       10%         1    ##.....


Dungeon Overview and Level Annotations

Branches:
Dungeon (2/15)

Altars:

Annotations:
D:2 Natasha


Innate Abilities, Weirdness & Mutations

Your plain brown scales are hard (AC +4).
Your body does not fit into most forms of armour.
You are cold-blooded and may be slowed by cold attacks.


Message History

* * * LOW HITPOINT WARNING * * *
The crimson imp puffs mist at you.
Natasha mumbles some strange words.
Natasha casts a spell.
The iron imp shouts, "Slither hence, thou defiled nut-hook hugger-mugger!"
The crimson imp blinks!
Natasha wildly gestures.
You feel troubled. The crimson imp misses you.
You hit the crimson imp. You headbutt the crimson imp.
The crimson imp is severely wounded.
Your horns disappear.
You barely miss Natasha.
Natasha is heavily wounded.
The crimson imp hits you but does no damage.
The crimson imp blinks!
Natasha closely misses you.
You hit Natasha but do no damage.
Natasha is heavily wounded.
The crimson imp hits you.
You die...

######.##.......
#.........5.#
#.####.##.#$#
#.##........5#
#.........##.#
.....#######ยง#
.)[. #.# .. #h#
#@# #
#5#####.###
#..........
##.......##
#####...######
....(...######
#####........#
########.# #.#


You could see an iron imp, Natasha and 2 crimson imps.

Vanquished Creatures
  An ooze (D:1)
  A giant gecko (D:1)
  A giant cockroach (D:1)
  3 goblins (D:1)
  A hobgoblin (D:1)
  A ball python (D:2)
  A bat (D:1)
  A giant newt (D:2)
  4 rats
14 creatures vanquished.

Notes
Turn   | Place    | Note
--------------------------------------------------------------
     0 | D:1      | deorigin the Draconian Transmuter began the quest for the Orb.
     0 | D:1      | Reached XP level 1. HP: 16/16 MP: 3/3
   271 | D:1      | Reached XP level 2. HP: 19/23 MP: 5/5
   717 | D:2      | Noticed Natasha
   723 | D:2      | Noticed a crimson imp
   728 | D:2      | Noticed a crimson imp
   737 | D:2      | Slain by a crimson imp

Skill      XL: |  1  2 |
---------------+-------+-----
Transmutations | 3 |  3.2
Fighting       | |  1.1
Dodging        | |  1.7
Unarmed Combat | |  3.0
Spellcasting   | |  2.0

Action                   || total
-------------------------++-------
Melee: Unarmed           ||    66
       Kick              ||     4
       Tailslap          ||     4
       Headbutt          ||     2
 Cast: Beastly Appendage ||     3
Armor: Skin              ||    10
Dodge: Dodged            ||    39
